 Dungeon Crawl Stone Soup version 0.20.1-1-g8b1a95d (webtiles) character file.

56 Knicklaso the Skirmisher (level 3, 0/37 HPs)
             Began as an Ogre Warper on July 23, 2017.
             Slain by a goblin (1 damage)
             ... led by Robin
             ... on level 2 of the Dungeon.
             The game lasted 00:03:22 (1068 turns).

Knicklaso the Skirmisher (Ogre Warper)              Turns: 1068, Time: 00:03:23

Health: 0/37       AC:  3    Str: 16    XL:     3   Next: 95%
Magic:  1/7        EV: 10    Int: 14    God:
Gold:   36         SH:  0    Dex:  8    Spells: 3/7 levels left

rFire    . . .     SeeInvis .   i - +0 dagger (venom)
rCold    . . .     Gourm    .   (no shield)
rNeg     . . .     Faith    .   b - +0 robe
rPois    .         Spirit   .   (helmet restricted)
rElec    .         Reflect  .   (no cloak)
rCorr    .         Harm     .   (gloves unavailable)
MR       .....                  (boots unavailable)
Stlth    +.........             (no amulet)
Regen    0.2/turn               (no ring)
MPRegen  0.1/turn               (no ring)

@: shrouded (expiring), very slightly contaminated
A: unfitting armour, tough skin 1
a: no special abilities


You were on level 2 of the Dungeon.
You were not hungry.

You visited 1 branch of the dungeon, and saw 2 of its levels.

You collected 36 gold pieces.

Inventory:

Hand Weapons
 a - a +0 mace
 i - a +0 dagger of venom (weapon)
Missiles
 e - 5 tomahawks of dispersal (quivered)
Armour
 b - a +0 robe (worn)
Scrolls
 d - 2 scrolls of blinking
 h - a scroll of identify {unknown}
 l - a scroll of noise {unknown}
Books
 c - a book of Spatial Translocations

   Spells                             Type                      Level
   a - Blink                          Translocation                2
   b - Shroud of Golubria             Charms/Translocation         2
   c - Lesser Beckoning               Translocation                3
   d - Gell's Gravitas                Translocation                3
   e - Teleport Other                 Translocation                3
   f - Passage of Golubria            Translocation                4
Comestibles
 f - 2 bread rations
 g - 2 royal jellies
 j - 2 fruits
 k - a chunk of flesh


   Skills:
 + Level 3.4 Fighting
 * Level 2.5 Maces & Flails
 + Level 1.3 Throwing
 + Level 2.4 Dodging
 + Level 2.8 Spellcasting
 + Level 2.9 Translocations


You had 3 spell levels left.
You knew the following spells:

 Your Spells              Type           Power        Failure   Level  Hunger
a - Shroud of Golubria    Chrm/Tloc      #.........   19%         2    ###....
b - Blink                 Tloc           N/A          10%         2    ###....


Dungeon Overview and Level Annotations

Branches:
Dungeon (2/15)

Altars:

Annotations:
D:2 Robin


Innate Abilities, Weirdness & Mutations

You are too large for most types of armour.
You have tough skin. (AC +1)


Message History

The goblin closely misses you. x2; The hobgoblin closely misses you.
You hit the goblin.
The goblin is poisoned.
The goblin is heavily wounded.
The goblin barely misses you. x2
Your shroud bends the hobgoblin's attack away.
You hit the goblin.
The goblin is severely wounded.
The hobgoblin no longer looks unusually strong.
You kill the goblin!
Your shroud bends the goblin's attack away.
The hobgoblin closely misses you.
Your shroud begins to fray at the edges.
The goblin hits you.
* * * LOW HITPOINT WARNING * * *
Robin throws the goblin at you!
You see here a dagger.
You barely miss the goblin.
The goblin no longer looks unusually strong.
The goblin hits you.
You die...

#.# . #.# .. #.# ...
#.# ... ####.#### ..
#..ggggg##.###.#
#.##(##g.......#
########.##g##.##.##..#
#####...
..#..g@g.g.....
....#.###
#.#..####.###.#..
#......###.#..####.# .#
##..#..........<..... #
..<.)...###.##.#.##.#
.#..#.#.###.........
.#..#.......####...#
........###.##.......
#########............


You could see Robin, 4 hobgoblins and 2 goblins.

Vanquished Creatures
  An adder (D:2)
  An ooze (D:1)
  2 dart slugs (D:1)
  A leopard gecko (D:1)
  A ball python (D:1)
  4 bats (D:1)
  2 giant cockroaches (D:1)
  8 goblins
  3 hobgoblins (D:1)
  A quokka (D:2)
  A frilled lizard (D:1)
  7 kobolds
  4 rats
36 creatures vanquished.

Notes
Turn   | Place    | Note
-------+----------+-------------------------------------------
     0 | D:1      | Knicklaso the Ogre Warper began the quest for the Orb.
     0 | D:1      | Reached XP level 1. HP: 22/22 MP: 3/3
   115 | D:1      | Reached XP level 2. HP: 29/29 MP: 3/5
   233 | D:1      | Learned a level 2 spell: Shroud of Golubria
   236 | D:1      | Learned a level 2 spell: Blink
   347 | D:1      | Reached skill level 3 in Fighting
   645 | D:1      | Reached XP level 3. HP: 35/37 MP: 6/6
  1038 | D:2      | Noticed Robin
  1067 | D:2      | HP: 1/37 [goblin[Robin] (4)]
  1068 | D:2      | Slain by a goblin

Skill      XL: |  1  2 |
---------------+-------+-----
Maces & Flails | 2 |  2.5
Fighting       | 3 |  3.4
Throwing       | |  1.3
Dodging        | |  2.4
Spellcasting   | |  2.8
Translocations | |  2.9

Action                   || total
-------------------------++-------
Melee: Mace              ||    31
       Dagger            ||    90
 Cast: Shroud of Golubri ||     2
       Blink             ||     1
  Eat: Chunk             ||     1
Armor: Robe              ||    51
Dodge: Dodged            ||    91
